 Dungeon Crawl Stone Soup version 0.21-a0-95-g06f091e (webtiles) character file.

9713 nikopol the Thaumaturge (level 11, -10/57 HPs)
             Began as a Deep Elf Fire Elementalist on July 3, 2017.
             Was a Believer of Vehumet.
             Mangled by a polar bear (23 damage)
             ... in an ice cave on July 4, 2017.
             The game lasted 01:06:37 (10757 turns).

nikopol the Thaumaturge (DEFE)                     Turns: 10757, Time: 01:06:39

Health: -10/57     AC: 13    Str:  5    XL:     11   Next: 26%
Magic:  16/29      EV: 14    Int: 24    God:    Vehumet [**....]
Gold:   498        SH:  0    Dex: 15    Spells: 16/35 levels left

rFire    + . .     SeeInvis .   K - staff of conjuration
rCold    x . .     Gourm    .   (no shield)
rNeg     . . .     Faith    .   u - +0 troll leather armour {Purgy}
rPois    +         Spirit   .   t - +1 helmet
rElec    .         Reflect  .   q - +2 cloak {+Inv}
rCorr    .         Harm     .   p - +0 pair of gloves
MR       +....                  h - +1 pair of boots
Stlth    +++.......             o - amulet of magic regeneration
HPRegen  0.59/turn              d - ring of poison resistance
MPRegen  0.46/turn              R - ring of fire

@: no status effects
A: no striking features
a: Renounce Religion, Evoke Invisibility


You were in an ice cave.
You worshipped Vehumet.
Vehumet was pleased with you.
You were not hungry.

You visited 3 branches of the dungeon, and saw 12 of its levels.
You also visited: Ice Cave.

You collected 648 gold pieces.
You spent 150 gold pieces at shops.

Inventory:

Hand Weapons
 v - a +2 quarterstaff of protection
 F - a +2 short sword of venom
Missiles
 a - a throwing net (quivered)
Armour
 h - a +1 pair of boots (worn)
 p - a +0 pair of gloves (worn)
 q - a +2 cloak of invisibility (worn)
 t - a +1 helmet (worn)
 u - a +0 troll leather armour (worn) {Purgy}
 G - a +1 helmet
Magical Staves
 K - an uncursed staff of conjuration (weapon)
 M - an uncursed staff of poison
Jewellery
 d - a ring of poison resistance (left hand)
 l - an uncursed ring of flight
 o - an amulet of magic regeneration (around neck)
 R - a ring of fire (right hand)
Wands
 j - a wand of digging (14/24)
 D - a wand of confusion (8/48)
 I - a wand of confusion (15/48)
 J - a wand of enslavement (13/24)
 L - a wand of polymorph (8/24)
 T - a wand of clouds (3/9)
Scrolls
 f - 6 scrolls of remove curse
 k - a scroll of teleportation
 m - a scroll of enchant weapon
 x - 2 scrolls of blinking
 y - 3 scrolls of fear
 A - a scroll of vulnerability {unknown}
 E - a scroll of amnesia
 Q - a scroll of enchant armour
Potions
 e - 4 potions of might
 g - 2 potions of haste
 i - 2 potions of heal wounds
 r - 6 potions of curing
 w - a potion of flight
 B - 3 potions of brilliance
 C - 2 potions of magic
 N - a potion of berserk rage
 P - a potion of resistance
Books
 b - a book of Flames

   Spells                             Type                      Level
   a - Flame Tongue                   Conjuration/Fire             1
   b - Throw Flame                    Conjuration/Fire             2
   c - Conjure Flame                  Conjuration/Fire             3
   d - Inner Flame                    Hexes/Fire                   3
   e - Sticky Flame                   Conjuration/Fire             4
   f - Fireball                       Conjuration/Fire             5
 O - a book of Cantrips

   Spells                             Type                      Level
   a - Confusing Touch                Hexes                        1
   b - Animate Skeleton               Necromancy                   1
   c - Summon Small Mammal            Summoning                    1
   d - Apportation                    Translocation                1
 S - a book of Conjurations

   Spells                             Type                      Level
   a - Magic Dart                     Conjuration                  1
   b - Searing Ray                    Conjuration                  2
   c - Dazzling Spray                 Conjuration/Hexes            3
   d - Fulminant Prism                Conjuration/Hexes            4
   e - Force Lance                    Conjuration/Translocation    4
   f - Iskenderun's Mystic Blast      Conjuration                  4
Comestibles
 c - 10 bread rations
 n - 10 fruits
 s - 4 royal jellies
 z - 3 meat rations
 H - 9 chunks of flesh


   Skills:
 + Level 1.7 Fighting
 + Level 1.1 Short Blades
 + Level 3.4 Armour
 + Level 4.9 Dodging
 + Level 4.4 Stealth
 + Level 12.6 Spellcasting
 + Level 10.6 Conjurations
 + Level 10.2 Fire Magic
 + Level 0.2 Evocations


You had 16 spell levels left.
You knew the following spells:

 Your Spells              Type           Power        Failure   Level  Hunger
a - Flame Tongue          Conj/Fire      #####        1%          1    None
b - Throw Flame           Conj/Fire      ######       1%          2    None
c - Conjure Flame         Conj/Fire      #######.     1%          3    None
d - Fireball              Conj/Fire      #######...   2%          5    ###....
e - Iskenderun's Mystic   Conj           #######.     1%          4    None
f - Force Lance           Conj/Tloc      ######..     7%          4    None


Dungeon Overview and Level Annotations

Branches:
Dungeon (10/15)            Temple (1/1) D:7            Lair (1/6) D:10
    Orc (0/2) D:9

Altars:
Cheibriados
Dithmenos
Fedhas
Gozag
Kikubaaqudgha
Makhleb
Nemelex Xobeh
Okawaru
Qazlal
Ru
Sif Muna
Trog
Vehumet
Wu Jian

Shops:
D:5 [   D:7 [(%*!

Portals:
Trove: D:10 (give 11 potions of heal wounds)


Message History

The polar bear bites you but does no damage.
The polar bear claws you but does no damage.
The polar bear claws you.
* * * LOW HITPOINT WARNING * * *
Casting: Throw Flame
Confirm with . or Enter, or press ? or * to list all spells.
Okay, then.
You feel much better. The polar bear closely misses you.
The polar bear claws you but does no damage.
The polar bear claws you.
* * * LOW HITPOINT WARNING * * *
Casting: Throw Flame
Confirm with . or Enter, or press ? or * to list all spells.
Aiming: Throw Flame
Press: ? - help, Shift-Dir - straight line, f/p - polar bear
Aim: a polar bear (almost dead, berserk, fast, unusually strong)
You feel a strong surge of power!
The puff of flame hits the polar bear.
The polar bear is almost dead.
The polar bear bites you!!
You die...

### # ##.###
..##.####
#####....##
#......##
##...(.##..###
#.#####..##
##...⌠...###..#
#...h##
#.....(..##...##
#####.###..#
#...#########..#
....## #...## ###.#
###.###
.##..#####..####@.#
#..## ####..#
###..hh### ###...#
.###..# ######
###...### .##...##
#..####††.###
..##...##
####..#.††###
.####...#
##..#...÷###
###.#.#####...#.####
#.#.##...##.##
##....#######


You could see a polar bear (berserk) and a wolf.

Vanquished Creatures
  Sonja (Lair:1)
  An ice statue (IceCv)
  3 polar bears (IceCv)
  The ghost of HAL9000 the Vexing, a novice VSEn (D:5)
  A hippogriff (D:7)
  A spriggan (D:7)
  13 yaks
  Menkaure (D:7)
  2 water moccasins (Lair:1)
  10 ice beasts
  An orc warrior (D:7)
  Purgy (D:3)
  A phantom (D:9)
  A sky beast (D:8)
  12 wolves (IceCv)
  A black bear (D:9)
  4 ogres
  The ghost of p0werm0de the Chopper, an amateur DsMo of Ashenzari (D:4)
  2 centaurs
  A crocodile (D:9)
  Blork the orc (D:4)
  A big kobold (D:9)
  7 bullfrogs
  A scorpion (Lair:1)
  12 killer bees
  5 wights (D:8)
  3 howler monkeys
  3 crimson imps
  5 orc wizards
  A bullfrog skeleton (D:10)
  2 orc priests
  Crazy Yiuf (D:2)
  5 hounds
  2 jellies
  Jessica (D:3)
  6 worker ants
  2 hound zombies
  Robin (D:2)
  A howler monkey skeleton (D:7)
  11 adders
  2 shadow imps
  3 oozes
  An adder skeleton (D:7)
  An adder zombie (D:5)
  6 leopard geckos
  18 orcs
  6 bats
  2 giant cockroaches
  6 hobgoblins
  12 jackals
  7 quokkas
  5 frilled lizards
  9 goblins
  10 kobolds
  9 rats
227 creatures vanquished.

Vanquished Creatures (others)
  2 fungi (Lair:1)
2 creatures vanquished.

Grand Total: 229 creatures vanquished

Notes
Turn   | Place    | Note
-------+----------+-------------------------------------------
     0 | D:1      | nikopol the Deep Elf Fire Elementalist began the quest for the Orb.
     0 | D:1      | Reached XP level 1. HP: 10/10 MP: 6/6
   301 | D:1      | Reached XP level 2. HP: 15/15 MP: 5/8
   305 | D:1      | Learned a level 2 spell: Throw Flame
   771 | D:2      | Noticed Robin
   780 | D:2      | Killed Robin
   780 | D:2      | Reached XP level 3. HP: 17/19 MP: 0/10
   934 | D:2      | Learned a level 3 spell: Conjure Flame
  1012 | D:2      | Reached skill level 4 in Spellcasting
  1254 | D:2      | Found a sparkling altar of Nemelex Xobeh.
  1412 | D:2      | Found a runed door.
  1560 | D:2      | Reached XP level 4. HP: 24/24 MP: 9/12
  1779 | D:2      | Noticed Crazy Yiuf
  1785 | D:2      | Killed Crazy Yiuf
  2112 | D:3      | Found a faded altar of an unknown god.
  2134 | D:3      | Noticed Purgy
  2146 | D:3      | Killed Purgy
  2146 | D:3      | Reached skill level 5 in Spellcasting
  2146 | D:3      | Reached XP level 5. HP: 28/28 MP: 2/14
  2352 | D:3      | Found a blossoming altar of Fedhas.
  2619 | D:3      | Noticed Jessica
  2631 | D:3      | Killed Jessica
  2791 | D:4      | Reached XP level 6. HP: 32/32 MP: 14/16
  2835 | D:4      | Noticed Blork the orc
  3112 | D:4      | Noticed p0werm0de's ghost (amateur DsMo)
  3125 | D:4      | Killed p0werm0de's ghost
  3125 | D:4      | Reached skill level 5 in Fire Magic
  3296 | D:4      | Found a shadowy altar of Dithmenos.
  3332 | D:4      | Found a bloodstained altar of Trog.
  3332 | D:4      | Found a shadowy altar of Dithmenos.
  3360 | D:4      | Reached skill level 6 in Spellcasting
  3417 | D:4      | Reached skill level 1 in Armour
  3545 | D:4      | Killed Blork the orc
  3545 | D:4      | Reached XP level 7. HP: 24/36 MP: 2/18
  3671 | D:5      | Entered Level 5 of the Dungeon
  3918 | D:5      | Found Helinniawn's Armour Boutique.
  4008 | D:5      | Noticed HAL9000's ghost (novice VSEn)
  4049 | D:5      | Killed HAL9000's ghost
  4069 | D:5      | Found a deep blue altar of Sif Muna.
  4164 | D:5      | Reached skill level 5 in Conjurations
  4270 | D:5      | Reached skill level 7 in Spellcasting
  4516 | D:5      | Reached XP level 8. HP: 33/41 MP: 10/20
  4628 | D:5      | Learned a level 5 spell: Fireball
  5422 | D:6      | Reached skill level 8 in Spellcasting
  6521 | D:7      | Found Yseur's Assorted Antiques.
  6556 | D:7      | Found a staircase to the Ecumenical Temple.
  6592 | Temple   | Entered the Ecumenical Temple
  6627 | Temple   | Became a worshipper of Vehumet
  6650 | D:7      | Found a sparkling altar of Nemelex Xobeh.
  6689 | D:7      | Reached skill level 9 in Spellcasting
  6752 | D:7      | Found Tyudud's Armour Boutique.
  6827 | D:7      | Noticed a hippogriff
  6833 | D:7      | Killed a hippogriff
  6833 | D:7      | Reached XP level 9. HP: 46/46 MP: 17/24
  6858 | D:7      | Found Amant's Distillery.
  6864 | D:7      | Bought 2 potions of heal wounds for 150 gold pieces
  6947 | D:7      | Noticed Menkaure
  6956 | D:7      | Killed Menkaure
  7063 | D:7      | Found Siekk's Food Shop.
  7118 | D:7      | Found Qielun's Antique Weapon Shop.
  7399 | D:8      | Found an ornate altar of the Wu Jian Council.
  7463 | D:8      | Reached skill level 10 in Spellcasting
  7472 | D:8      | Reached skill level 1 in Fighting
  8113 | D:9      | Reached * piety under Vehumet
  8113 | D:9      | Offered knowledge of Sandblast by Vehumet.
  8175 | D:9      | Reached skill level 1 in Short Blades
  8195 | D:9      | Found a staircase to the Orcish Mines.
  8225 | D:9      | Found an opulent altar of Gozag.
  8862 | D:9      | Found a blossoming altar of Fedhas.
  8904 | D:10     | Entered Level 10 of the Dungeon
  8971 | D:10     | Reached XP level 10. HP: 51/52 MP: 23/26
  9093 | D:10     | Reached skill level 11 in Spellcasting
  9165 | D:10     | Found a staircase to the Lair.
  9268 | D:10     | Found a blossoming altar of Fedhas.
  9445 | D:10     | Learned a level 4 spell: Iskenderun's Mystic Blast
  9450 | D:10     | Learned a level 4 spell: Force Lance
  9652 | D:10     | Found a portal to a secret trove of treasure.
  9814 | D:10     | Identified 2 scrolls of acquirement
  9818 | D:10     | Got a steaming buckler
  9824 | D:10     | Identified the +0 buckler of Gehenna {Slay+3} (You acquired it on level 10 of the Dungeon)
  9862 | Lair:1   | Entered Level 1 of the Lair of Beasts
  9871 | Lair:1   | Noticed Sonja
  9883 | Lair:1   | Killed Sonja
  9943 | Lair:1   | Upgraded the game from 0.21-a0-94-gdd6ab6a to 0.21-a0-95-g06f091e
 10053 | Lair:1   | Reached ** piety under Vehumet
 10053 | Lair:1   | Offered knowledge of Freeze by Vehumet.
 10159 | Lair:1   | Found a frozen archway.
 10168 | Lair:1   | Reached skill level 10 in Conjurations
 10169 | Lair:1   | Reached skill level 12 in Spellcasting
 10195 | IceCv    | Entered an ice cave
 10232 | IceCv    | Reached XP level 11. HP: 57/57 MP: 18/29
 10546 | IceCv    | Reached skill level 10 in Fire Magic
 10651 | IceCv    | Offered knowledge of Stone Arrow by Vehumet.
 10755 | IceCv    | HP: 2/57 [polar bear (3)]
 10757 | IceCv    | Mangled by a polar bear

Vault maps used:
D:1:      dpeg_arrival_yet_another_circle
D:2:      first_bread, nemelex_dance_club_becter, uniq_crazy_yiuf_cottage,
          uniq_robin
D:3:      old_standard_altar, chequers_ecumenical_altar_simple_redux,
          kennysheep_generic_room_14, uniq_jessica, uniq_purgy
D:4:      gammafunk_temple_overflow_elements, grunt_dithmenos_smoke,
          uniq_blork_the_orc
D:5:      serial_shops, nicolae_shop_statue_plus, tgw_sif
D:7:      nemelex_xobeh_ov_fountains_minmay, minmay_temple_entry_butterflies,
          serial_shops, nicolae_shop_behind_doors, kennysheep_mini, shop, shop,
          nicolae_shop_statue_plus, the_bakery, uniq_menkaure
D:8:      lemuel_crystal_altar, minmay_misc_feat_rugged
D:9:      lemuel_coloured_pillars_altar, orc_0_dummy, fedhas_altar_4
D:10:     lair_entry_dummy, basic_altar, nicolae_trove_entry_diagonal
Temple:   eino_temple_scatter_basement
Lair:1:   portal_ice_cave_entry_ice_beasts, cheibrodos_lair_caveside_slide,
          grunt_megastairs_2, uniq_nergalle, uniq_sonja
IceCv:    ice_cave_caverns_03

Skill      XL: |  1  2  3  4  5  6  7  8  9 10 11 |
---------------+----------------------------------+-----
Stealth        | 3 4 |  4.4
Spellcasting   | 4 5 6 7 9 10 12 | 12.6
Conjurations   | 2 3 4 5 6 8 10 | 10.6
Fire Magic     | 4 5 6 7 8 9 10 | 10.2
Armour         | 1 2 3 |  3.4
Dodging        | 3 4 |  4.9
Fighting       | 1 |  1.7
Short Blades   | 1 |  1.1
Evocations     | |  0.2

Action                   |  1- 3 |  4- 6 |  7- 9 | 10-12 || total
-------------------------+-------+-------+-------+-------++-------
Melee: Dagger            |     1 |       |     3 |       ||     4
       Short sword       |       |       |    59 |       ||    59
 Cast: Flame Tongue      |    69 |    95 |   259 |   155 ||   578
       Conjure Flame     |       |    11 |    14 |    11 ||    36
       Throw Flame       |       |     7 |    27 |    25 ||    59
       Fireball          |       |       |     2 |    11 ||    13
Evoke: Wand              |       |       |     1 |     3 ||     4
  Use: Scroll            |       |       |     7 |    21 ||    28
       Potion            |       |       |       |     1 ||     1
 Stab: Sleeping          |       |       |     1 |       ||     1
  Eat: Chunk             |     2 |     6 |    17 |     7 ||    32
Armor: Robe              |     4 |       |       |       ||     4
       Troll leather arm |       |     9 |    76 |    38 ||   123
Dodge: Dodged            |    30 |    19 |   105 |    47 ||   201
